 Dungeon Crawl Stone Soup version 0.20-a0-17-g69bea3c (webtiles) character file.

863 KristoblXynda the Twirler (level 7, -1/55 HPs)
             Began as a Black Draconian Gladiator on Nov 5, 2016.
             Was a Priest of Cheibriados.
             Slain by Kareekexe's ghost (3 damage)
             ... on level 5 of the Dungeon.
             The game lasted 00:08:21 (4537 turns).

KristoblXynda the Twirler (DrGl)                    Turns: 4537, Time: 00:08:21

Health: -1/55      AC:  7    Str: 24    XL:     7   Next: 72%
Magic:  8/8        EV: 16    Int: 20    God:    Cheibriados [***...]
Gold:   185        SH:  0    Dex: 18    Spells: 0 memorised, 6 levels left

rFire  . . .     SeeInvis +     a - +1 quarterstaff
rCold  . . .     Gourm    .     (armour unavailable)
rNeg   . . .     Faith    .     (shield currently unavailable)
rPois  .         Spirit   .     b - +1 hat
rElec  +         Reflect  .     (no cloak)
rCorr  .         Harm     .     (no gloves)
MR     .....                    (no boots)
Stlth  ++........               (no amulet)
                                (no ring)
                                k - ring of see invisible

@: very slightly contaminated, very slow
A: breathe lightning, unfitting armour, fangs 1, blink, clever 1, deterioration
1, electricity resistance, cold-blooded, AC +6
a: Breathe Lightning, Blink, Bend Time, Temporal Distortion, Renounce Religion


You were on level 5 of the Dungeon.
You worshipped Cheibriados.
Cheibriados was most pleased with you.
You were hungry.

You visited 2 branches of the dungeon, and saw 6 of its levels.

You collected 185 gold pieces.

Inventory:

Hand Weapons
 a - a +1 quarterstaff (weapon)
Missiles
 c - 3 throwing nets (quivered)
Armour
 b - a +1 hat (worn)
Jewellery
 e - a +3 ring of dexterity {unknown}
 k - a ring of see invisible (left hand)
 n - an uncursed ring of resist corrosion
Scrolls
 g - a scroll of blinking
 m - 2 scrolls of recharging
 q - 2 scrolls of amnesia
Potions
 f - a potion of cure mutation
 i - 3 potions of brilliance
Books
 o - a book of Minor Magic

   Spells                             Type                      Level
   a - Magic Dart                     Conjuration                  1
   b - Blink                          Translocation                2
   c - Call Imp                       Summoning                    2
   d - Repel Missiles                 Charms/Air                   2
   e - Slow                           Hexes                        2
   f - Conjure Flame                  Conjuration/Fire             3
   g - Mephitic Cloud                 Conjuration/Poison/Air       3
Comestibles
 d - 3 bread rations
 h - a slice of pizza
 s - a meat ration
 u - a beef jerky


   Skills:
 - Level 2.1 Fighting
 + Level 5.9 Staves
 - Level 4.3 Throwing
 + Level 5.4 Dodging
 + Level 1.9 Invocations


You had 6 spell levels left.
You didn't know any spells.

Dungeon Overview and Level Annotations

Branches:
Dungeon (5/15)             Temple (1/1) D:4

Altars:
Cheibriados
Dithmenos
Fedhas
Gozag
Hepliaklqana
Makhleb
Nemelex Xobeh
Okawaru
Qazlal
Ru
Sif Muna
Trog
Uskayaw
Vehumet
Zin
The Shining One

Annotations:
D:5 Kareekexe's ghost, novice VSSk


Innate Abilities, Weirdness & Mutations

You can breathe wild blasts of lightning.
Your glossy black scales are hard. (AC +6)
You cannot fit into any form of body armour.
You are resistant to electric shocks. (rElec)
You are cold-blooded and may be slowed by cold attacks.
You have very sharp teeth.
You can translocate small distances at will.
Your mind is acute. (Int +2)
Your body sometimes deteriorates upon taking damage.


Message History

Kareekexe's ghost hits you.
* * * LOW HITPOINT WARNING * * *
Okay, then.
You blink.
You feel slightly more hungry.
Found a dagger.
Your extra speed is starting to run out.
You feel yourself slow down. Kareekexe's ghost hits you.
* * * LOW HITPOINT WARNING * * *
Kareekexe's ghost barely misses you.
You blink.
You feel slightly more hungry.
You aren't carrying any items that you can evoke.
Unknown command.
That item cannot be evoked!
Unknown command.
As you read the scroll labeled EMUNOU KOGH, it crumbles to dust.
You feel a surge of unholy energy.
It was a scroll of torment.
Okay, then.
Kareekexe's ghost hits you.
You die...

#.# #..###............#..#
#.# #.............#.#.#..###
#.# #.####.##...............
#.# #.# #.##.#...#.#.#..###
#.# #.# #.##.#†###.#.#..# #
#.# #.# #.##.#.# #.#.#..# .
#.# #.# #.##.#.###.#.#..#..
#.####.####.##....##.#.#....#
#...........@W.........##.#.
########.######...##.####.##
.# ##.## . ..# ## ###


You could see Kareekexe's ghost.

Vanquished Creatures
  Sigmund (D:3)
  2 sky beasts
  A centaur (D:5)
  A hound (D:5)
  A bullfrog skeleton (D:5)
  An orc wizard (D:5)
  An iguana (D:4)
  Natasha (thrice) (D:3)
  2 worker ants
  Robin (D:4)
  A worker ant zombie (D:5)
  8 adders
  An ooze (D:3)
  2 worms
  3 dart slugs
  3 leopard geckos
  8 orcs
  7 bats
  11 giant cockroaches
  15 goblins
  10 hobgoblins
  4 jackals (D:4)
  A quokka (D:3)
  10 frilled lizards
  5 kobolds
  2 quokka skeletons
  6 rats
111 creatures vanquished.

Notes
Turn   | Place    | Note
-------+----------+-------------------------------------------
     0 | D:1      | KristoblXynda the Draconian Gladiator began the quest for the Orb.
     0 | D:1      | Reached XP level 1. HP: 17/17 MP: 1/1
   277 | D:1      | Reached XP level 2. HP: 24/24 MP: 2/2
   895 | D:2      | Found a snail-covered altar of Cheibriados.
   900 | D:2      | Found an iron altar of Okawaru.
   902 | D:2      | Reached XP level 3. HP: 19/29 MP: 3/3
  1028 | D:2      | Became a worshipper of Cheibriados the Contemplative
  1734 | D:3      | Noticed Natasha
  1740 | D:3      | Killed Natasha
  1740 | D:3      | Reached XP level 4. HP: 23/36 MP: 4/4
  1864 | D:3      | Reached * piety under Cheibriados
  1898 | D:3      | Noticed Sigmund
  1921 | D:3      | Killed Sigmund
  1921 | D:3      | Reached XP level 5. HP: 41/41 MP: 5/5
  2229 | D:3      | Noticed Natasha
  2239 | D:3      | Killed Natasha
  2239 | D:3      | Reached XP level 6. HP: 22/48 MP: 6/6
  2758 | D:3      | Noticed Natasha
  2763 | D:3      | Killed Natasha
  3369 | D:4      | Reached ** piety under Cheibriados
  3591 | D:4      | Noticed a sky beast
  3601 | D:4      | Killed a sky beast
  3601 | D:4      | Reached skill level 5 in Staves
  3606 | D:4      | Gained mutation: You have very sharp teeth. [mutagenic meat]
  3607 | D:4      | Gained mutation: You are frail. (-10% HP) [mutagenic meat]
  3608 | D:4      | Gained mutation: Your mind is acute. (Int +2) [mutagenic meat]
  3829 | D:4      | Your scales start taking on a glossy black colour.
  3829 | D:4      | Reached XP level 7. HP: 17/49 MP: 7/7
  3829 | D:4      | Gained mutation: You are resistant to electric shocks. (rElec) [Black Draconian growth]
  3833 | D:4      | Found a staircase to the Ecumenical Temple.
  3986 | Temple   | Entered the Ecumenical Temple
  4177 | D:4      | Noticed Robin
  4200 | D:4      | Killed Robin
  4240 | D:5      | Entered Level 5 of the Dungeon
  4259 | D:5      | Reached *** piety under Cheibriados
  4262 | D:5      | Reached skill level 5 in Dodging
  4353 | D:5      | Reached skill level 1 in Invocations
  4427 | D:5      | Noticed Kareekexe's ghost (novice VSSk)
  4490 | D:5      | Gained mutation: You can translocate small distances at will. [potion of mutation]
  4490 | D:5      | Gained mutation: Your body sometimes deteriorates upon taking damage. [potion of mutation]
  4490 | D:5      | Lost mutation: You are frail. (-10% HP) [potion of mutation]
  4537 | D:5      | Slain by Kareekexe's ghost

Vault maps used:
D:1:      saegor_arrival_simple_c
D:2:      kennysheep_slug_shrine, okawaru_trees_1
D:3:      first_bread, grunt_ministairs_8, uniq_sigmund, uniq_natasha
D:4:      uniq_robin
D:5:      kiku_gazebo_garden_becter, uniq_blork_the_orc
Temple:   nicolae_temple_great_sept

Skill      XL: |  1  2  3  4  5  6  7 |
---------------+----------------------+-----
Throwing       | 2 3 4 |  4.3
Dodging        | 3 4 5 |  5.4
Staves         | 4 5 |  5.9
Invocations    | 1 |  1.9
Fighting       | |  2.1

Action                   |  1- 3 |  4- 6 |  7- 9 || total
-------------------------+-------+-------+-------++-------
Melee: Quarterstaff      |   130 |   143 |   119 ||   392
       Tailslap          |     9 |    18 |    14 ||    41
       Bite              |       |     4 |    13 ||    17
 Abil: Blink             |       |       |     2 ||     2
  Use: Potion            |       |     1 |     4 ||     5
       Scroll            |       |       |    10 ||    10
  Eat: Chunk             |     3 |     6 |     1 ||    10
Armor: Skin              |    49 |    40 |    57 ||   146
Dodge: Dodged            |   105 |    93 |    75 ||   273
